Map: Terraform LE (Void)

Players

Beastyqt - Winner!

  • Race: Terran Terran
  • League: Master

TOP

  • Race: Terran Terran
  • League: Master

Event: Lycan League Weekly August #1

VOD

Have the link to the VOD?

Description

Time

  • Played on: Aug. 3, 2015, 1:43 p.m.
  • Length: 23:27

All games in this series

Show
View Real Time Build Order
Export as new Build Order

Beastyqt Terran - Winner!

Build Orders: 1/1/1, Banshee Rush 

Get SALT Encoding   

  12  0:01  SCV  
  13  0:13  SCV  
  14  0:18  Supply Depot  
  14  0:25  SCV  
  15  0:29  Refinery  
  15  0:39  SCV  
  16  0:45  Barracks  
  16  0:51  SCV  
  17  1:03  SCV  
  18  1:14  Refinery  
  18  1:16  SCV  
  19  1:32  Barracks Reactor, Orbital Command  
  19  1:35  Supply Depot  
  19  1:45  Factory  
  19  1:57  SCV  
  20  2:10  SCV, Reaper x2  
  23  2:18  Supply Depot  
  23  2:22  SCV  
  24  2:29  Starport  
  24  2:32  Hellion  
  24  2:37  SCV  
  27  2:42  Reaper x2  
  29  2:54  SCV, Supply Depot  
  29  2:57  Hellion  
  32  3:05  Starport Tech Lab  
  32  3:06  SCV  
  33  3:21  SCV  
  33  3:22  Supply Depot  
  33  3:24  Banshee, Cloaking Field  
  33  3:26  Hellion  
  39  3:37  SCV  
  39  3:39  Engineering Bay  
  38  3:41  Marine x2  
  38  3:47  Widow Mine  
  42  3:55  Starport  
  42  3:57  SCV  
  39  4:07  Banshee  
  39  4:09  Missile Turret  
  38  4:13  Missile Turret  
  38  4:17  Marine  
  38  4:21  Marine  
  40  4:25  Widow Mine  
  42  4:35  Viking  
  42  4:36  Marine  
  44  4:51  Marine  
  45  4:56  SCV  
  45  4:59  Marine  
  38  5:08  Marine  
  38  5:10  Hellion  
  38  5:16  SCV  
  37  5:21  Viking  
  37  5:22  Marine  
  37  5:25  Viking  
  39  5:29  SCV  
  39  5:35  Marine  
  41  5:45  SCV  
  41  5:49  Supply Depot  
  42  6:00  SCV  
  42  6:01  Viking  
  45  6:11  Viking  
  47  6:21  Marine x2  
  49  6:52  Command Center  
  47  6:54  Marine x2  
  49  7:06  Raven  
  51  7:22  Factory Tech Lab  
  35  7:39  SCV  
  35  7:42  Siege Tank  
  37  7:47  Viking  
  37  7:48  Marine x2  
  42  7:51  SCV  
  42  7:54  Raven  
  40  8:05  Orbital Command  
  37  8:10  SCV  
  38  8:23  SCV  
  38  8:25  Orbital Command  
  39  8:29  Siege Tank  
  42  8:36  SCV  
  43  8:50  SCV  
  43  8:51  SCV  
  45  8:55  Viking  
  47  9:03  Viking  
  47  9:08  SCV  
  47  9:09  Viking  
  52  9:13  SCV  
  52  9:16  Supply Depot  
  53  9:20  SCV  
  53  9:22  Refinery  
  54  9:25  SCV, Refinery  
  54  9:27  Medivac  
  57  9:32  SCV  
  57  9:35  Medivac  
  57  9:37  SCV  
  59  9:42  Siege Tank  
  59  9:44  SCV  
  63  9:49  SCV  
  63  9:56  SCV  
  64  10:04  Command Center  
  64  10:13  SCV  
  58  10:15  Siege Tank  
  58  10:16  Banshee  
  58  10:17  Viking  
  66  10:23  SCV  
  66  10:25  SCV  
  65  10:35  SCV  
  62  10:39  SCV  
  63  10:46  Barracks Tech Lab  
  63  10:47  SCV  
  64  10:58  Barracks  
  64  11:03  SCV, Starport Reactor  
  65  11:06  Barracks  
  65  11:07  Barracks  
  65  11:11  SCV  
  65  11:17  Terran Infantry Weapons Level 1  
  66  11:20  SCV  
  68  11:25  SCV  
  68  11:28  Medivac  
  70  11:34  SCV  
  70  11:38  Siege Tank  
  74  11:40  Stimpack, Marine  
  74  11:41  Barracks  
  74  11:43  SCV  
  74  11:46  SCV  
  71  11:55  SCV  
  71  11:59  Banshee, Viking x2  
  71  12:01  SCV  
  80  12:07  Orbital Command  
  80  12:08  SCV  
  81  12:12  Siege Tank  
  84  12:17  SCV  
  79  12:26  SCV  
  79  12:27  Marine x3  
  76  12:30  SCV  
  76  12:32  SCV  
  74  12:38  SCV  
  74  12:42  SCV  
  71  12:44  SCV  
  71  12:50  SCV  
  73  12:51  Barracks Reactor  
  73  12:55  SCV  
  73  12:56  Marine x2  
  76  12:58  SCV  
  76  13:02  SCV  
  76  13:04  Marine x2  
  79  13:06  Siege Tank, Sensor Tower  
  79  13:10  SCV  
  79  13:11  SCV  
  84  13:14  Supply Depot  
  84  13:20  Marine x2  
  84  13:22  Marine  
  88  13:27  SCV  
  88  13:28  Barracks Reactor  
  88  13:30  Marine x2  
  88  13:31  Barracks Reactor  
  88  13:34  SCV  
  91  13:35  Refinery  
  91  13:36  Refinery  
  91  13:38  Siege Tank, Marine x2  
  91  13:40  Marine  
  91  13:41  SCV x2  
  99  13:46  Supply Depot, Terran Infantry Armor Level 1  
  99  13:47  Marine  
  99  13:48  Marine  
  98  13:56  Marine x2  
  98  13:58  Marine  
  101  14:04  Supply Depot, Medivac, Marine x2  
  101  14:05  SCV, Marine  
  101  14:06  Medivac  
  101  14:07  Marine x3  
  112  14:10  Siege Tank  
  112  14:11  Bunker  
  112  14:14  Marine  
  112  14:16  Marine  
  117  14:23  Marine x2  
  117  14:24  Marine  
  116  14:30  Marine  
  118  14:34  Medivac, Marine x2  
  118  14:36  Command Center  
  118  14:37  Marine  
  118  14:38  Combat Shields  
  123  14:46  Marine x2  
  125  14:56  Supply Depot  
  125  14:57  Supply Depot x2  
  125  14:58  Supply Depot  
  125  15:07  Supply Depot, Marine  
  125  15:11  Siege Tank, Marine x2  
  114  15:17  Marine  
  114  15:19  Marine  
  111  15:22  Marine x2, Medivac x2  
  111  15:24  Marine x2  
  111  15:27  Marine  
  119  15:28  Marine  
  119  15:29  Marine  
  119  15:35  Marine  
  122  15:37  Marine  
  122  15:40  Marine  
  122  15:41  Marine  
  122  15:42  Marine  
  126  15:43  Siege Tank  
  126  15:45  Marine x2  
  126  15:46  Armory  
  126  15:47  Engineering Bay  
  131  15:50  Marine x2  
  131  15:53  Marine  
  131  15:55  Marine  
  135  16:00  Marine  
  135  16:01  Marine  
  137  16:06  Marine  
  137  16:07  Marine x2  
  137  16:08  Marine x2  
  137  16:10  Marine  
  143  16:12  Marine  
  144  16:18  Marine x2  
  144  16:24  Marine  
  144  16:25  Marine x2  
  126  16:26  Marine x2  
  126  16:28  Marine  
  126  16:30  Siege Tank, Marine  
  124  16:36  Marine x2  
  124  16:42  Planetary Fortress, Marine  
  124  16:43  Marine x2  
  124  16:46  Marine x2  
  129  16:48  Marine x2  
  129  16:53  Medivac x2  
  135  16:54  Marine  
  135  16:58  Marine  
  136  17:02  Marine  
  136  17:03  Siege Tank  
  136  17:05  Marine x3  
  139  17:13  Marine  
  139  17:14  Marine  
  132  17:15  Marine  
  132  17:16  Marine  
  132  17:19  Marine x2  
  123  17:22  Marine  
  123  17:23  Marine  
  123  17:27  Marine  
  118  17:31  Marine  
  118  17:35  Siege Tank  
  118  17:36  SCV x2  
  111  17:37  Marine  
  111  17:38  Marine  
  109  17:51  Marine  
  109  17:52  Marine x3  
  109  17:54  Marine  
  110  18:02  Marine  
  110  18:03  Marine x2  
  113  18:07  Siege Tank  
  114  18:14  Marine x3  
  117  18:22  Marine x3  
  120  18:32  Marine  
  120  18:33  Terran Infantry Weapons Level 2, Marine  
  122  18:39  Siege Tank  
  122  18:41  Terran Infantry Armor Level 2  
  125  18:43  Terran Vehicle Weapons Level 1  
  121  19:00  Marine x2  
  121  19:01  Orbital Command  
  115  19:07  Marine x3  
  118  19:11  Siege Tank  
  118  19:12  SCV x2  
  123  19:18  Marine x4  
  123  19:19  Marine  
  128  19:30  Marine  
  119  19:34  Marine x2  
  119  19:38  Marine x2  
  102  19:41  Marine x2  
  102  19:42  Marine  
  102  19:44  SCV, Marine  
  109  19:47  Siege Tank  
  109  19:48  Marine  
  109  19:51  Marine  
  109  19:52  Marine  
  115  19:56  Marine x2  
  109  20:08  Marine x2  
  109  20:09  SCV  
  109  20:12  Marine  
  109  20:13  Marine  
  95  20:20  Marine x3  
  94  20:28  Marine x2  
  87  20:31  Marine x2  
  87  20:35  Marine x2  
  91  20:36  SCV  
  91  20:39  Marine x3  
  88  20:43  Siege Tank  
  88  20:45  Marine  
  88  20:46  Marine  
  88  20:48  Marine  
  94  20:52  Marine  
  95  20:57  Marine  
  96  21:07  Orbital Command  
  96  21:10  Marine x2  
  96  21:11  Marine x6  
  98  21:15  Marine  
  105  21:28  Marine x2  
  105  21:29  Marine  
  107  21:42  Marine x2  
  107  21:45  Siege Tank  
  112  21:56  Marine, Medivac x2  
  112  21:58  Marine  
  118  22:08  Marine x3  
  121  22:15  Marine x2  
  121  22:30  Medivac x2  
  122  22:52  Marine x2  
  124  23:02  Marine x3  
Show
View Real Time Build Order
Export as new Build Order

TOP Terran 

Build Orders: 1/1/1, Banshee Rush 

Get SALT Encoding   

  12  0:01  SCV  
  13  0:13  SCV  
  14  0:19  Supply Depot  
  14  0:25  SCV  
  15  0:40  SCV  
  16  0:43  Barracks  
  16  0:44  Refinery  
  16  0:52  SCV  
  16  0:55  Refinery  
  17  1:05  SCV  
  18  1:17  SCV  
  19  1:30  Reaper, Orbital Command  
  20  1:33  Supply Depot  
  20  1:43  Factory  
  20  1:56  SCV  
  21  2:02  Reaper  
  22  2:08  SCV  
  23  2:20  SCV  
  24  2:27  Starport  
  24  2:28  Hellion  
  26  2:32  SCV  
  27  2:42  Barracks Tech Lab  
  27  2:44  SCV  
  27  2:49  Hellion  
  29  2:57  SCV  
  30  3:00  Supply Depot  
  30  3:09  SCV  
  30  3:12  Cloaking Field  
  31  3:20  Supply Depot  
  31  3:21  Banshee, Hellion, Reaper  
  31  3:25  SCV  
  38  3:37  SCV  
  39  3:44  Factory Tech Lab  
  39  3:49  SCV  
  39  3:51  Engineering Bay  
  39  3:54  Barracks Reactor  
  40  3:57  Command Center  
  40  4:02  SCV  
  40  4:08  Siege Tank  
  46  4:19  Barracks  
  46  4:20  Missile Turret  
  43  4:30  SCV  
  36  4:42  SCV  
  31  4:52  Viking  
  31  4:54  SCV  
  29  5:06  SCV  
  30  5:08  Marine x2  
  31  5:18  SCV  
  28  5:22  Siege Tank  
  28  5:26  Marine x2  
  29  5:30  SCV, Orbital Command  
  29  5:31  Raven  
  31  5:42  SCV  
  32  5:44  Marine x2  
  34  5:54  SCV, Siege Tank  
  37  6:01  Marine x2  
  39  6:06  SCV  
  39  6:07  SCV  
  41  6:14  Banshee  
  44  6:18  SCV  
  44  6:19  Marine  
  44  6:20  Missile Turret  
  44  6:21  SCV  
  45  6:29  Marine  
  45  6:31  SCV  
  46  6:37  Marine  
  46  6:39  SCV  
  44  6:43  SCV  
  44  6:47  Marine  
  44  6:49  Widow Mine  
  44  6:51  SCV  
  48  6:55  SCV, Marine  
  50  7:03  SCV  
  50  7:05  Marine  
  50  7:07  SCV  
  50  7:14  Armory  
  50  7:15  SCV  
  46  7:32  Marine  
  46  7:33  SCV, Marine  
  46  7:36  SCV  
  34  7:45  SCV  
  34  7:48  SCV  
  34  7:50  Marine  
  37  7:52  Marine  
  38  8:05  Supply Depot  
  38  8:07  Supply Depot  
  38  8:27  Thor, SCV x2  
  38  8:28  Marine x2  
  48  8:34  Barracks  
  48  8:39  SCV x2, Barracks  
  50  8:46  Marine x2  
  52  8:49  Supply Depot  
  52  8:51  SCV x2  
  52  8:52  Supply Depot  
  52  8:54  Missile Turret  
  54  9:10  Marine x2  
  54  9:13  Supply Depot  
  54  9:14  Supply Depot  
  54  9:16  SCV x2  
  57  9:27  Marine  
  57  9:28  SCV x2, Marine x2  
  57  9:30  Barracks Tech Lab  
  62  9:40  SCV  
  62  9:44  SCV, Starport  
  62  9:45  Marine  
  64  9:46  Marine  
  64  9:52  SCV  
  66  10:08  SCV  
  66  10:09  SCV  
  66  10:10  Marine x2  
  66  10:12  Marine x2  
  64  10:14  Stimpack  
  64  10:20  SCV  
  64  10:21  SCV  
  57  10:32  Marine x3  
  57  10:33  SCV  
  57  10:39  Refinery  
  57  10:40  Refinery  
  57  10:41  Starport Reactor  
  57  10:42  Barracks Tech Lab  
  52  10:45  SCV  
  52  10:49  Marine  
  53  10:50  Marine  
  53  10:51  Marauder  
  53  10:54  Siege Tank  
  60  10:57  SCV  
  61  11:07  Marine x2  
  63  11:12  Marauder  
  63  11:14  Combat Shields, Marauder  
  63  11:17  Medivac x2  
  71  11:25  Marine x2  
  71  11:34  Marauder  
  71  11:38  Marauder  
  73  11:43  Marine x2  
  71  11:55  Medivac x2, Marauder  
  71  11:59  Marine  
  71  12:01  Marine  
  77  12:03  Marine  
  79  12:16  Marauder  
  79  12:17  Marauder  
  79  12:20  Marine  
  79  12:21  Marine  
  70  12:32  SCV  
  70  12:38  Marine, Marauder  
  70  12:39  Marine, Marauder  
  70  12:44  SCV  
  72  12:51  Siege Tank  
  72  12:52  Medivac  
  72  12:56  SCV, Marine x2  
  72  12:58  Orbital Command  
  79  12:59  Marine x2  
  80  13:08  SCV  
  81  13:14  Marine x2  
  81  13:16  Marine  
  81  13:17  Marine  
  85  13:25  Medivac x2  
  85  13:26  Supply Depot  
  89  13:27  Supply Depot x2  
  89  13:31  Marine  
  89  13:32  Marine  
  91  13:34  Marine  
  91  13:35  Marine  
  93  13:45  Barracks  
  93  13:46  Barracks  
  93  13:49  Marine  
  93  13:50  Marine  
  93  13:52  Marine  
  93  13:53  Marine  
  94  13:56  Missile Turret  
  94  13:59  Siege Tank  
  96  14:05  Terran Infantry Weapons Level 1, Command Center  
  96  14:07  Marine  
  96  14:08  Marine  
  98  14:10  Marine  
  98  14:11  Refinery x2, Marine  
  95  14:25  Marine x2  
  95  14:28  Marine  
  95  14:30  Marine  
  99  14:31  Siege Tank  
  99  14:33  Barracks Reactor  
  99  14:34  Marine  
  103  14:38  SCV  
  103  14:39  SCV  
  103  14:43  Marine x2  
  107  14:45  Marine  
  107  14:48  Marine  
  110  14:57  Barracks Reactor  
  110  14:59  Supply Depot  
  109  15:00  Marine  
  109  15:01  Marine  
  109  15:03  Siege Tank, Marine  
  109  15:06  Marine  
  105  15:18  Marine  
  105  15:19  Marine  
  102  15:21  Marine  
  102  15:24  Marine  
  99  15:31  Marine x2  
  101  15:36  Marine  
  101  15:37  Marine  
  101  15:39  Marine  
  101  15:40  Marine x2  
  101  15:42  Marine  
  107  15:49  Marine x2  
  109  15:51  SCV x2  
  109  15:55  Marine x2  
  109  15:56  Siege Tank  
  116  15:57  Marine  
  116  15:58  Marine x2  
  116  15:59  Marine  
  116  16:03  Orbital Command  
  120  16:11  Marine  
  120  16:12  Marine  
  120  16:13  Marine x2  
  102  16:25  Marine x2  
  102  16:26  Marine x2  
  102  16:29  Siege Tank  
  100  16:36  Marine x4  
  104  16:43  Marine x4  
  108  16:49  Orbital Command  
  108  16:50  Factory, Terran Infantry Weapons Level 2  
  108  16:51  Terran Vehicle Weapons Level 1  
  108  16:53  Engineering Bay, Marine x4  
  112  16:54  Supply Depot  
  112  17:01  Siege Tank, Marine  
  109  17:03  Marine x2  
  88  17:25  Marine x2  
  88  17:26  Marine x2  
  88  17:28  Marine  
  91  17:33  Marine  
  82  17:58  Factory Tech Lab, Siege Tank  
  75  18:05  Marine x4  
  76  18:14  Medivac x2  
  76  18:16  Marine x4  
  76  18:17  SCV  
  76  18:18  SCV x2  
  87  18:26  Siege Tank, Marine x2  
  92  18:30  Siege Tank  
  92  18:31  Sensor Tower  
  95  18:36  Marine  
  95  18:37  Marine x3  
  95  18:40  SCV x2  
  101  18:55  Marine x2  
  95  18:58  Siege Tank, Orbital Command  
  95  19:02  Siege Tank  
  100  19:09  Marine x2  
  102  19:13  Marine x6  
  102  19:17  Orbital Command  
  108  19:27  Marine  
  108  19:30  Siege Tank  
  100  19:44  Marine x6  
  100  19:45  Marine x2  
  108  19:50  SCV  
  108  19:51  SCV x2  
  111  20:01  Marine  
  109  20:14  Marine x7  
  98  20:19  Marine  
  101  20:27  SCV  
  99  20:28  SCV  
  99  20:31  Marine x2  
  93  20:41  SCV  
  86  20:45  Marine  
  75  20:55  Marine x2  
  70  21:02  Medivac  
  70  21:03  SCV  
  70  21:04  SCV  
  72  21:06  SCV  
  73  21:11  Marine  
  73  21:15  SCV  
  73  21:16  SCV  
  76  21:27  SCV  
  76  21:28  SCV, Marine x7  
  76  21:29  Marine  
  85  21:40  Siege Tank  
  85  21:45  Sensor Tower  
  85  21:46  Medivac x2, Marine x4  
  96  21:47  Marine x2  
  96  21:49  SCV x2  
  96  21:53  Marine x2  
  102  21:56  SCV  
  103  22:03  Marine  
  103  22:04  Marine  
  98  22:12  Marine  
  98  22:13  Siege Tank  
  87  22:40  Refinery, Barracks x2  
  87  22:41  Refinery  

Tags
 
Add a new tag
Caveats
  • Supply blocks, unpowered buildings, or Contaminate may cause inaccurate times.
  • Supply counts are checked every 10 seconds.